 Dungeon Crawl Stone Soup version 0.29.1-15-g9cfb28693d (webtiles) character file.

Game seed: 15062738649033169087

83 Peloso the Covered (level 4, -3/40 HPs)
             Began as a Minotaur Fighter on Mar 5, 2023.
             Slain by a gnoll
             ... wielding a +2 whip of pain
              (5 damage)
             ... on level 2 of the Dungeon.
             The game lasted 00:01:59 (1208 turns).

Peloso the Covered (Minotaur Fighter)               Turns: 1208, Time: 00:01:59

Health: -3/40      AC:  7    Str: 21    XL:     4   Next: 22%
Magic:  3/3        EV:  9    Int:  5    God:
Gold:   40         SH:  4    Dex: 11    Spells: 3/3 levels left

rFire   . . .      SeeInvis .   a - +0 long sword
rCold   . . .      Faith    .   d - +0 buckler
rNeg    . . .      Spirit   .   b - +0 scale mail
rPois   .          Reflect  .   (helmet restricted)
rElec   .          Harm     .   (no cloak)
rCorr   .          Rampage  .   (no gloves)
Will    .....                   (no boots)
Stlth   ..........              (no amulet)
HPRegen 0.13/turn               (no ring)
MPRegen 0.08/turn               (no ring)

@: no status effects
A: horns 2, retaliatory headbutt
a: no special abilities


You were on level 2 of the Dungeon.
You visited 1 branch of the dungeon, and saw 2 of its levels.

You collected 40 gold pieces.

Inventory:

Hand Weapons
 a - a +0 long sword (weapon)
Armour
 b - a +0 scale mail (worn)
 d - a +0 buckler (worn)
Jewellery
 c - a ring of ice
Scrolls
 e - a scroll of immolation
 f - a scroll of identify {unknown}
 g - a scroll of blinking {unknown}
 h - a scroll of enchant armour {unknown}
Potions
 i - a potion of might


   Skills:
 + Level 4.2 Fighting
 + Level 3.6 Long Blades
 + Level 4.5 Armour
 + Level 0.1 Dodging
 + Level 4.2 Shields


You had 3 spell levels left.
You didn't know any spells.
Your spell library contained the following spells:

 Spells                   Type           Power      Damage    Failure   Level
 Call Canine Familiar     Summ           0%         N/A       99%         3
 Portal Projectile        Hex/Tloc       0%         N/A       99%         3
 Tukima's Dance           Hex            0%         N/A       99%         3
 Leda's Liquefaction      Hex/Erth       0%         N/A       100%        4
 Blade Hands              Tmut           0%         N/A       100%        5


Dungeon Overview and Level Annotations

Branches:
Dungeon (2/15)

Altars:


Innate Abilities, Weirdness & Mutations

You have a pair of horns on your head.
You reflexively headbutt those who attack you in melee.


Message History

There is a stone staircase leading up, spattered with blood here.
Things that are here:
a stone; a +0 short sword You climb upwards.
There is a stone staircase leading down here.
You start resting.
HP restored.
You climb downwards.
There is a stone staircase leading up, spattered with blood here.
Things that are here:
a stone; a +0 short sword
Things that are here:
a +0 club; a goblin skeleton The gnoll hits you with a +0 flail!
You hit the gnoll.
The gnoll is lightly wounded.
The gnoll hits you but does no damage.
You barely miss the gnoll.
The gnoll is lightly wounded.
A gnoll comes into view. It is wielding a +2 whip of pain.
The gnoll hits you with a +0 flail!
The gnoll shouts!
You hit the gnoll but do no damage. You headbutt the gnoll.
The gnoll is moderately wounded.
The gnoll closely misses you. You furiously retaliate!
You headbutt the gnoll!
You kill the gnoll!
You see here a +0 flail.
You closely miss the gnoll. Your headbutt misses the gnoll.
The gnoll hits you with a +2 whip of pain!
You hit the gnoll but do no damage.
The gnoll hits you with a +2 whip of pain.
* * * LOW HITPOINT WARNING * * *
You writhe in agony.
* * * LOW HITPOINT WARNING * * *
You hit the gnoll but do no damage. You block the gnoll's attack.
The gnoll hits you with a +2 whip of pain!
* * * LOW HITPOINT WARNING * * *
You closely miss the gnoll.
The gnoll hits you with a +2 whip of pain.
You die...

###########
##.##..÷......######
..>.....<)÷...#.....
.........)..........
................#
###........@..####
#..#######g.#.. #..
#).#.# # ###
###..#.##.#.##
#.............
#.....##.#.##.#
###..###.......# ##.
.....#..# ..
(.......


You could see a gnoll.

Vanquished Creatures
  3 gnolls (D:2)
  2 adders (D:2)
  2 dart slugs (D:1)
  A bat (D:1)
  3 endoplasms
  5 goblins
  5 kobolds
  A quokka (D:1)
  5 ball pythons
  A frilled lizard (D:1)
  3 rats (D:1)
31 creatures vanquished.

Notes
Turn   | Place    | Note
-------+----------+-------------------------------------------
     0 | D:1      | Peloso the Minotaur Fighter began the quest for the Orb.
     0 | D:1      | Reached XP level 1. HP: 19/19 MP: 0/0
   170 | D:1      | Found a faded altar of an unknown god.
   235 | D:1      | Reached XP level 2. HP: 27/27 MP: 1/1
   880 | D:2      | Reached XP level 3. HP: 33/33 MP: 2/2
   954 | D:2      | Reached XP level 4. HP: 8/40 MP: 3/3
  1207 | D:2      | HP: 1/40 [gnoll/+2 whip of pain (7)]
  1208 | D:2      | Slain by a gnoll

Illustrated notes

Levels and vault maps discovered:
D:1:      shiori_arrival_elements, layout_basic,
          ebering_ecumenical_altar_abandoned
D:2:      layout_basic, uniq_jessica, uniq_robin, uniq_crazy_yiuf_cottage

Skill      XL: |  1  2 |
---------------+-------+-----
Armour         | 4 |  4.5
Fighting       | 4 |  4.2
Shields        | 4 |  4.2
Long Blades    | 3 |  3.6
Dodging        | |  0.1

Action                   |  1- 3 |  4- 6 || total
-------------------------+-------+-------++-------
Melee: Long sword        |    54 |     7 ||    61
       Headbutt          |     6 |     1 ||     7
  Use: Potion            |     3 |       ||     3
       Scroll            |     1 |       ||     1
Armor: Scale mail        |    24 |     1 ||    25
Dodge: Dodged            |    27 |     1 ||    28
Block: Buckler           |    17 |     1 ||    18
